 Dungeon Crawl Stone Soup version 0.27.1 (webtiles) character file.

Game seed: 13654853419689346648

3 MajorAdolf the Charlatan (level 1, -1/18 HPs)
             Began as a Naga Wanderer on Aug 25, 2021.
             Slain by a gnoll (5 damage)
             ... on level 1 of the Dungeon.
             The game lasted 00:00:40 (215 turns).

MajorAdolf the Charlatan (Naga Wanderer)             Turns: 215, Time: 00:00:41

Health: -1/18      AC:  1    Str: 14    XL:     1   Next: 50%
Magic:  3/3        EV:  9    Int: 11    God:
Gold:   14         SH:  0    Dex: 11    Spells: 4/4 levels left

rFire    . . .     SeeInvis +   a - +2 quarterstaff
rCold    . . .     Faith    .   (shield currently unavailable)
rNeg     . . .     Spirit   .   d - +0 robe
rPois    +         Reflect  .   (no helmet)
rElec    .         Harm     .   (no cloak)
rCorr    .         Rampage  .   (no gloves)
Will     .....                  (no barding)
Stlth    ++........             (no amulet)
HPRegen  0.06/turn              (no ring)
MPRegen  0.08/turn              (no ring)

@: short of breath, very slow
A: AC +0, large, see invisible, deformed body, poison resistance, slowness 2,
spit poison 1, naga tail 1
a: Spit Poison


You were on level 1 of the Dungeon.
You visited 1 branch of the dungeon, and saw 1 of its levels.

You collected 14 gold pieces.

Inventory:

Hand Weapons
 a - a +2 quarterstaff (weapon)
Armour
 d - a +0 robe (worn)
Scrolls
 b - a scroll of teleportation
 e - a scroll of magic mapping {unknown}
Potions
 c - a potion of curing
 f - a potion of berserk rage {unknown}
 g - a potion of mutation {unknown}


   Skills:
 + Level 1.5 Fighting
 - Level 1.0 Staves
 - Level 1.5 Stealth
 - Level 2.0 Spellcasting
 - Level 1.0 Conjurations
 - Level 2.0 Translocations
 - Level 2.0 Evocations


You had 4 spell levels left.
You didn't know any spells.
Your spell library was empty.

Dungeon Overview and Level Annotations

Branches:
Dungeon (1/15)

Altars:


Innate Abilities, Weirdness & Mutations

Your serpentine skin is tough. (AC +0)
You have supernaturally acute eyesight. (SInv)
Armour fits poorly on your strangely shaped body.
Your system is resistant to poisons. (rPois)
You cover ground very slowly.
You can spit poison.
You have a snake-like lower body.


Message History

You see here a glowing white potion.
You sock the giant cockroach!
You kill the giant cockroach!
The ball python closely misses you. The ball python bites you.
You see here a giant cockroach corpse.
You closely miss the ball python. The ball python barely misses you.
The ball python bites you.
You barely miss the ball python.
The ball python bites you but does no damage.
You barely miss the ball python. The ball python bites you.
The ball python barely misses you.
You hit the ball python.
You kill the ball python!
No target in view!
Unknown command.
You start resting.
HP restored.
f - a glowing white potion
g - a red potion A gnoll comes into view.
It is wielding a +0 club.
The gnoll shouts!
A gnoll is nearby!
The gnoll hits you with a +0 club.
You see here a scroll of teleportation.
The splash of poison hits the gnoll!
The gnoll is poisoned.
The gnoll is heavily wounded.
The gnoll hits you with a +0 club.
You closely miss the gnoll.
The gnoll is heavily wounded.
The gnoll hits you with a +0 club. x2
* * * LOW HITPOINT WARNING * * *
You are too injured to fight recklessly!
Unknown command.
You have got your breath back.
Press: ? - help, Shift-Dir - straight line, f/p - gnoll
Aim: a gnoll, wielding a +0 club (heavily wounded, poisoned)
The splash of poison hits the gnoll.
The gnoll looks even sicker.
The gnoll is severely wounded.
The gnoll hits you with a +0 club.
You die...

#............#
#.#...........
#.#..≈≈≈.≈≈≈..
#...≈≈.....≈≈.
#..≈≈..8..♣.≈≈ #
#.≈≈.........≈
#####.######.≈...........
#......g...#.≈........8..
#.###.##@..#.≈≈..8.<..♣.≈
..........#..≈≈..♣....≈≈
.###.###..##..≈≈.....≈≈.
#...##..###..≈≈≈≈≈≈≈.. #.
#.#..##............ ..
#................. .
#†.....####.......
......†..##### ######.#
##.###.### .#


You could see a gnoll (very poisoned).

Vanquished Creatures
  A giant cockroach (D:1)
  A goblin (D:1)
  A ball python (D:1)
3 creatures vanquished.

Notes
Turn   | Place    | Note
-------+----------+-------------------------------------------
     0 | D:1      | MajorAdolf the Naga Wanderer began the quest for the Orb.
     0 | D:1      | MajorAdolf set off with the following items: a +2
                  | quarterstaff, a scroll of teleportation, a potion of
                  | curing, a +0 robe
     0 | D:1      | Reached XP level 1. HP: 18/18 MP: 3/3
   215 | D:1      | Slain by a gnoll

Illustrated notes

Levels and vault maps discovered:
D:1:      moated_graveyard_arrival, layout_loops_ring,
          ebering_ecumenical_altar_sacrificial

Action                   || total
-------------------------++-------
Melee: Quarterstaff      ||     8
 Abil: Spit Poison       ||     2
Armor: Robe              ||     2
Dodge: Dodged            ||     3
